 Dungeon Crawl Stone Soup version 0.31-a0-1620-gcbf77bbcfc (webtiles) character file.

Game seed: 17287452691937642494

2485 Essalna the Geomancer (level 9, 0/45 HPs)
             Began as a Gargoyle Earth Elementalist on Jan 11, 2024.
             Slain by a killer bee (6 damage)
             ... on level 7 of the Dungeon.
             The game lasted 00:10:51 (6333 turns).

Essalna the Geomancer (Gargoyle Earth Elementalist) Turns: 6333, Time: 00:10:51

Health: 0/45       AC: 10    Str: 19    XL:     9   Next: 52%
Magic:  13/18      EV: 11    Int: 19    God:
Gold:   309        SH:  0    Dex: 10    Spells: 16/20 levels left

rFire   . . .        E - staff of conjuration
rCold   . . .        (no shield)
rNeg    + . .        a - +0 robe
rPois   ∞            v - +0 helmet
rElec   +            n - +0 cloak
rCorr   .            (no gloves)
SInv    .            (no boots)
Will    .....        C - amulet of the acrobat
Stlth   ++           u - ring of wizardry
HPRegen 0.27/turn    F - +6 ring of strength
MPRegen 0.16/turn

%: acrobat, wizardry (x1)
@: no status effects
A: sickness immunity, AC +6, negative energy resistance 1, electricity
resistance, torment resistance 1, petrification resistance
a: no special abilities


You were on level 7 of the Dungeon.
You visited 1 branch of the dungeon, and saw 7 of its levels.

You collected 309 gold pieces.

Inventory:

Hand Weapons
 q - a +0 short sword
 x - a +2 whip of freezing
 y - a +1 mace of venom
Missiles
 m - 4 atropa-tipped darts
 J - a throwing net
Armour
 a - a +0 robe (worn)
 n - a +0 cloak (worn)
 v - a +0 helmet (worn)
Magical Staves
 E - a staff of conjuration (weapon)
Jewellery
 u - a ring of wizardry (left hand)
 C - an amulet of the acrobat (around neck)
 F - a +6 ring of strength (right hand)
 K - a ring of fire
Wands
 p - a wand of polymorph (9)
 w - a wand of mindburst (17)
 H - a wand of paralysis (7)
Scrolls
 c - a scroll of enchant armour {unknown}
 d - 6 scrolls of identify {unknown}
 g - a scroll of enchant weapon {unknown}
 h - a scroll of poison {unknown}
 j - 3 scrolls of revelation {unknown}
 o - 2 scrolls of brand weapon {unknown}
 r - a scroll of noise {unknown}
 t - 2 scrolls of amnesia {unknown}
 z - 3 scrolls of teleportation {unknown}
 B - a scroll of blinking {unknown}
 D - a scroll of butterflies {unknown}
 G - a scroll of torment {unknown}
 I - a scroll of fear {unknown}
Potions
 b - a potion of magic
 e - 2 potions of haste {unknown}
 f - 3 potions of curing {unknown}
 i - 2 potions of heal wounds {unknown}
 k - 2 potions of degeneration {unknown}
 l - a potion of attraction {unknown}
 s - 4 potions of berserk rage {unknown}
 A - 2 potions of brilliance {unknown}


   Skills:
 - Level 1.5 Dodging
 - Level 2.1 Stealth
 - Level 6.0 Spellcasting
 + Level 8.5 Conjurations
 + Level 10.0 Earth Magic


You had 16 spell levels left.
You knew the following spells:

 Your Spells              Type           Power      Damage    Failure   Level
a - Sandblast             Erth           86%        2d18      1%          1
b - Stone Arrow           Conj/Erth      100%       3d13      1%          3

Your spell library contained the following spells:

 Spells                   Type           Power      Damage    Failure   Level
 Kiss of Death            Conj/Necr      100%       2d13      1%          1
 Passwall                 Erth           43%        N/A       1%          3
 Brom's Barrelling Bould  Conj/Erth      57%        2d7       1%          4
 Hailstorm                Conj/Ice       32%        3d8       2%          3
 Petrify                  Alch/Erth      24%        N/A       6%          4
 Call Canine Familiar     Summ           5%         N/A       13%         3
 Confusing Touch          Hex            5%         N/A       13%         3
 Sigil of Binding         Hex            5%         N/A       13%         3
 Summon Ice Beast         Ice/Summ       5%         N/A       13%         3
 Dimensional Bullseye     Hex/Tloc       2%         N/A       38%         4
 Dispel Undead            Necr           5%         3d7       38%         4
 Sculpt Simulacrum        Ice/Alch       2%         N/A       99%         6


Dungeon Overview and Level Annotations

Branches:
Dungeon (7/15)
 Temple: D:4-7

Altars:
Ashenzari
Cheibriados
Hepliaklqana
Kikubaaqudgha
Okawaru
Wu Jian

Shops:
D:6 (

Annotations:
D:3 3 runed translucent doors, Dirol's ghost, amateur MfSu; capka3m's ghost, weakling TrSh


Innate Abilities, Weirdness & Mutations

You are immune to sickness and miasma.
Your stone body is resilient. (AC +6)
You are immune to poison.
You resist negative energy. (rN+)
You are resistant to electric shocks. (rElec)
You are resistant to unholy torment.
You are immune to petrification.


Message History

You are too injured to fight recklessly!
Casting: Sandblast (safe; 1% risk of failure)
Confirm with . or Enter, or press ? or * to list all spells.
Aiming: Sandblast (safe; 1% risk of failure)
Press: ? - help, Shift-Dir - straight line, f/p - killer bee
Aim: a killer bee (69% to hit)
The blast of sand hits the killer bee!
The killer bee is almost dead.
The killer bee stings you but does no damage.
The killer bee stings you.
* * * LOW HITPOINT WARNING * * *
The killer bee closely misses you. The killer bee stings you!
* * * LOW HITPOINT WARNING * * *
The killer bee misses you. The killer bee barely misses you.
The killer bee closely misses you. The killer bee barely misses you. x3
The killer bee stings you but does no damage.
Okay, then.
Welcome back, Essalna the Gargoyle Earth Elementalist.
Press ? for a list of commands and other information.
The killer bee attacks as it pursues you!
The killer bee misses you.
The killer bee attacks as it pursues you!
The killer bee completely misses you. x2; The killer bee barely misses you.
The killer bee attacks as it pursues you!
The killer bee stings you.
* * * LOW HITPOINT WARNING * * *
The killer bee misses you. The killer bee completely misses you.
The killer bee closely misses you. The killer bee completely misses you.
Cast which spell? (? or * to list)
Okay, then.
Okay, then.
Okay, then.
Cast which spell? (? or * to list)
Aiming: Sandblast (safe; 1% risk of failure)
Press: ? - help, Shift-Dir - straight line, f - killer bee
Aim: a killer bee (69% to hit)
The blast of sand hits the killer bee!
The killer bee is heavily wounded.
The killer bee stings you.
You die...

#.# #### ###.# ≈# ...
...# ≈# ###.####..# ≈#
##.....##..# ≈#
#.......#..# ≈#
#.#..†...y#..#######..
#....._..yy@........#
.#......y#.....###...
#.......#.........#
##.....##.##.######
###.####.##.# ?..
..##.####### ....
####<.......#
#######......)..#.#######
..........###.#........


You could see 4 killer bees.

Vanquished Creatures
  Pikel (D:4)
  Eustachio (D:5)
  2 water moccasins (D:6)
  An ice beast (D:7)
  An orc warrior (D:6)
  2 black bears
  An ogre (D:6)
  A lemure (D:4)
  2 phantoms (D:4)
  A bullfrog (D:6)
  A killer bee (D:7)
  A howler monkey (D:6)
  2 bombardier beetles
  3 hounds
  3 jellies
  Crazy Yiuf (D:2)
  3 orc priests
  A sleepcap (D:5)
  A gnoll bouda (D:6)
  5 iguanas
  Ijyb (D:4)
  5 orc wizards
  Robin (D:3)
  5 gnolls (D:6)
  6 adders
  2 ufetubi (D:7)
  3 ribbon worms
  A dart slug (D:4)
  10 orcs
  11 ball pythons
  8 endoplasms
  2 giant cockroaches (D:4)
  9 goblins
  14 hobgoblins
  8 kobolds
  4 quokkas
  7 bats
  2 frilled lizards (D:1)
  6 rats
139 creatures vanquished.

Notes
Turn   | Place    | Note
-------+----------+-------------------------------------------
     0 | D:1      | Essalna the Gargoyle Earth Elementalist began the quest for
                  | the Orb.
     0 | D:1      | Reached XP level 1. HP: 10/10 MP: 3/3
   108 | D:1      | Reached XP level 2. HP: 15/15 MP: 1/5
   349 | D:1      | Reached skill level 4 in Earth Magic
   512 | D:1      | Reached XP level 3. HP: 19/19 MP: 3/6
  1376 | D:2      | Reached XP level 4. HP: 24/24 MP: 6/8
  1810 | D:2      | Reached XP level 5. HP: 22/28 MP: 3/9
  1906 | D:2      | Found a runed translucent door.
  1907 | D:2      | Noticed Crazy Yiuf
  1914 | D:2      | Killed Crazy Yiuf
  2096 | D:3      | Noticed Ijyb
  2096 | D:3      | Noticed Robin
  2116 | D:4      | Killed Ijyb
  2117 | D:4      | Reached skill level 5 in Earth Magic
  2344 | D:4      | Noticed a black bear
  2350 | D:4      | Killed a black bear
  2351 | D:4      | Reached XP level 6. HP: 32/32 MP: 7/11
  2660 | D:4      | Reached skill level 6 in Earth Magic
  2660 | D:4      | Reached XP level 7. HP: 30/36 MP: 5/13
  2844 | D:4      | Noticed Pikel
  2932 | D:3      | Killed Robin
  3023 | D:3      | Found an ornate altar of the Wu Jian Council.
  3074 | D:3      | Found a runed translucent gate.
  3075 | D:3      | Found a runed translucent gate.
  3076 | D:3      | Found a runed translucent gate.
  3077 | D:3      | Noticed capka3m's ghost (weakling TrSh)
  3078 | D:3      | Noticed Dirol's ghost (amateur MfSu)
  3152 | D:3      | Learned a level 3 spell: Stone Arrow
  3718 | D:4      | Killed Pikel
  3719 | D:4      | Reached skill level 5 in Spellcasting
  3719 | D:4      | Reached skill level 5 in Conjurations
  3719 | D:4      | Reached skill level 7 in Earth Magic
  3719 | D:4      | Reached XP level 8. HP: 9/41 MP: 1/15
  4039 | D:4      | Found a snail-covered altar of Cheibriados.
  4043 | D:4      | Found a broken altar of Ashenzari.
  4044 | D:4      | Found an iron altar of Okawaru.
  4420 | D:5      | Entered Level 5 of the Dungeon
  4462 | D:5      | Found a hazy altar of Hepliaklqana.
  4509 | D:5      | Noticed Eustachio
  4519 | D:5      | Killed Eustachio
  4790 | D:5      | Reached skill level 8 in Earth Magic
  5488 | D:6      | Reached XP level 9. HP: 45/45 MP: 14/18
  5545 | D:6      | Reached skill level 9 in Earth Magic
  5840 | D:6      | Found Xellepu's Weapon Shop.
  6310 | D:7      | Found an ancient bone altar of Kikubaaqudgha.
  6325 | D:7      | Reached skill level 10 in Earth Magic
  6333 | D:7      | Slain by a killer bee

Illustrated notes

Levels and vault maps discovered:
D:1:      dpeg_arrival_rooms_with_view, layout_basic
D:2:      layout_rooms, uniq_crazy_yiuf_cottage
D:3:      layout_loops_cross, mainiacjoe_overflow_concentric_impassable,
          gammafunk_ghost_cemetery, nicolae_goblin_pals
D:4:      layout_basic, minitemple, grunt_ministairs_9, mrwooster_statue_mirror,
          uniq_pikel
D:5:      layout_basic, nicolae_hepliaklqana_hazy_memory, bh_walls_and_bars,
          uniq_eustachio
D:6:      layout_loops_ring, serial_shops, nicolae_shop_bloodbath_and_beyond,
          grunt_ministairs_8, minmay_fountain_box
D:7:      layout_loops_ring, nicolae_dithmenos_through_a_glass_darkly,
          old_standard_altar, minmay_temple_entry_statues_pillars,
          serial_aquarium, aquarium_bridge_square [aquarium_subvault_window,
          aquarium_subvault_wall, aquarium_subvault_bridge,
          aquarium_subvault_wall], aquarium_window_1, aquarium_window_fake,
          aquarium_window_2, aquarium_view_2e, minmay_misc_feat_rugged

Skill      XL: |  1  2  3  4  5  6  7  8  9 |
---------------+----------------------------+-----
Earth Magic    | 4 5 6 7 8 10 | 10.0
Conjurations   | 2 3 4 5 7 8 |  8.5
Spellcasting   | 3 4 5 6 |  6.0
Dodging        | |  1.5
Stealth        | |  2.1

Action                     |  1- 3 |  4- 6 |  7- 9 || total
---------------------------+-------+-------+-------++-------
  Melee: Unarmed           |     7 |     1 |       ||     8
         Whip              |       |       |     1 ||     1
   Cast: Sandblast         |    43 |    67 |   163 ||   273
         Stone Arrow       |       |       |     2 ||     2
 Armour: Robe              |     8 |    24 |    76 ||   108
         Skin              |       |     2 |       ||     2
  Dodge: Dodged            |     9 |    16 |    74 ||    99

Table legend: (Time is in decaauts)
 A = Elapsed time spent in this place.
 B = Non-inter-level travel time spent in this place.
 C = Inter-level travel time spent in this place.
 D = Time resting spent in this place.
 E = Time spent auto-exploring this place.
 F = Levels seen in this place.
 G = Mean time per level.
                   A        B        C        D        E       F      G
               +--------+--------+--------+--------+--------+-----+--------+
         Total |   6468 |   6178 |    290 |    157 |   5063 |   7 |  924.0 |
       Dungeon |   6468 |   6178 |    290 |    157 |   5063 |   7 |  924.0 |
               +--------+--------+--------+--------+--------+-----+--------+

Top non-repeatable levels by time:
     D:4: 1428 daAuts
     D:1: 1160 daAuts
     D:3: 1039 daAuts
     D:5: 1025 daAuts
     D:2: 879 daAuts
     D:6: 809 daAuts
     D:7: 125 daAuts
